 Dungeon Crawl Stone Soup version 0.29.1-12-g30fa7ad0bf (webtiles) character file.

Game seed: 9770512511071120898

24 hawla the Chiller (level 3, 0/39 HPs)
             Began as a Meteoran Ice Elementalist on Jan 9, 2023.
             Slain by Robin
             ... wielding a +2 trident of pain
              (3 damage)
             ... on level 2 of the Dungeon.
             The game lasted 00:01:53 (164 turns).

hawla the Chiller (Meteoran Ice Elementalist)        Turns: 164, Time: 00:01:54

Health: 0/39       AC: 21    Str:  9    XL:     3   Next: 32%
Magic:  1/8        EV:  2    Int: 19    God:
Gold:   0          SH:  0    Dex: 14    Spells: 7/8 levels left

rFire   . . .      SeeInvis .   (no weapon)
rCold   . . .      Faith    .   (no shield)
rNeg    . . .      Spirit   .   (body armour currently unavailable)
rPois   +          Reflect  .   (helmet currently unavailable)
rElec   .          Harm     .   (cloak currently unavailable)
rCorr   .          Rampage  .   (gloves currently unavailable)
Will    .....      NoTele   +   (boots currently unavailable)
Stlth   +.........              (no amulet)
HPRegen 0.13/turn               (no ring)
MPRegen 0.11/turn               (no ring)

@: tree-form, glowing
A: stationary, stasis, torment immunity, boosted hp, sense surroundings 1,
otherworldly, glowing, explore regen
a: no special abilities


You were on level 2 of the Dungeon.
You were a tree.
You visited 1 branch of the dungeon, and saw 2 of its levels.

Inventory:

Armour
 a - a +0 robe (melded)


   Skills:
 + Level 0.2 Fighting
 + Level 2.4 Dodging
 - Level 1.4 Stealth
 + Level 3.1 Spellcasting
 + Level 5.1 Ice Magic


You had 7 spell levels left.
You knew the following spells:

 Your Spells              Type           Power      Damage    Failure   Level
a - Freeze                Ice            88%        1d10      1%          1

Your spell library contained the following spells:

 Spells                   Type           Power      Damage    Failure   Level
 Frozen Ramparts          Ice            44%        1d7       5%          3
 Ozocubu's Armour         Ice            22%        N/A       5%          3
 Hailstorm                Conj/Ice       12%        3d5       45%         4


Dungeon Overview and Level Annotations

Branches:
Dungeon (2/15) Zot: 1034

Altars:

Annotations:
D:2 Robin


Innate Abilities, Weirdness & Mutations

You are a tree.
Your roots penetrate the ground, keeping you stationary.
You cannot be teleported.
You are immune to unholy pain and torment.
Your maximum health is greatly increased.
Your equipment is partially melded.
You passively map a small area around you.
You are easily found by Zot.
You glow in the dark.
You regain HP and MP as you explore.


Message History

Press: ? - help, Shift-Dir - straight line, f - goblin
Aim: a goblin, wielding a +0 club You freeze the goblin!
You kill the goblin!
Robin throws the goblin at you! The goblin hits you but does no damage.
Unknown command.
Casting: Freeze (safe; 1% risk of failure)
Confirm with . or Enter, or press ? or * to list all spells.
Aiming: Freeze (safe; 1% risk of failure)
Press: ? - help, Shift-Dir - straight line, f - goblin
Aim: a goblin, wielding a +0 dagger (strong)
You miscast Freeze.
You are very lightly contaminated with residual magic.
Nothing appears to happen.
The goblin hits you but does no damage.
Robin hits you from afar with a +2 trident of pain.
You writhe in agony.
Casting: Freeze (safe; 1% risk of failure)
Confirm with . or Enter, or press ? or * to list all spells.
Aiming: Freeze (safe; 1% risk of failure)
Press: ? - help, Shift-Dir - straight line, f/p - goblin
Aim: a goblin, wielding a +0 dagger (strong)
You freeze the goblin.
You kill the goblin!
Robin hits you from afar with a +2 trident of pain.
Unknown command.
Robin hits you but does no damage. Robin hits you but does no damage.
You writhe in agony.
Robin hits you from afar with a +2 trident of pain!
* * * LOW HITPOINT WARNING * * *
You writhe in agony.
* * * LOW HITPOINT WARNING * * *
Robin hits you but does no damage.
You writhe in agony.
* * * LOW HITPOINT WARNING * * *
You aren't carrying any potions.
Robin hits you from afar with a +2 trident of pain.
* * * LOW HITPOINT WARNING * * *
Your magical contamination has completely faded away.
Robin hits you but does no damage.
Robin hits you from afar with a +2 trident of pain.
You die...

### * #.# * ** #.# * ,
..# #.#####?#
#.....#g# #####.#)# *
** #.....#♣#####
########.#...))....#
,+........+.........#
..######.###.........#
*
......<....+.........+
, ,
...#####...#.........#
,, , +...########### ,
, #...# , , #...#


You could see Robin.

Vanquished Creatures
  A worm (D:2)
  An endoplasm (D:1)
  5 goblins (D:2)
  3 hobgoblins
  4 jackals (D:1)
  A kobold (D:1)
  A quokka (D:1)
  A frilled lizard (D:1)
17 creatures vanquished.

Notes
Turn   | Place    | Note
-------+----------+-------------------------------------------
     0 | D:1      | hawla the Meteoran Ice Elementalist began the quest for the
                  | Orb.
     0 | D:1      | Reached XP level 1. HP: 14/14 MP: 5/5
    43 | D:1      | Reached XP level 2. HP: 8/20 MP: 1/6
   130 | D:2      | Reached skill level 5 in Ice Magic
   140 | D:2      | Reached XP level 3. HP: 24/26 MP: 6/8
   140 | D:2      | Noticed Robin
   164 | D:2      | Slain by Robin

Illustrated notes

Levels and vault maps discovered:
D:1:      lemuel_arrival_room, layout_basic
D:2:      layout_basic, serial_shops, nicolae_shop_hallway_stairs, uniq_sigmund,
          uniq_jessica, uniq_robin

Skill      XL: |  1  2  3 |
---------------+----------+-----
Ice Magic      | 5 |  5.1
Spellcasting   | 3 |  3.1
Fighting       | |  0.2
Dodging        | |  2.4
Stealth        | |  1.4

Action                   || total
-------------------------++-------
 Cast: Freeze            ||    24
  Use: Potion            ||     2
Armor: Skin              ||    16
Dodge: Dodged            ||     7
